 Dungeon Crawl Stone Soup version 0.23.2-1-ga50397a (webtiles) character file.

Game seed: 11562261727148561207

223 schauveau the Archer (level 5, 0/46 HPs)
             Began as a Centaur Hunter on Apr 25, 2019.
             Was an Initiate of Okawaru.
             Shot with an arrow by a centaur (14 damage)
             ... on level 3 of the Dungeon.
             The game lasted 00:04:57 (2981 turns).

schauveau the Archer (Centaur Hunter)               Turns: 2981, Time: 00:04:57

Health: 0/46       AC:  4    Str: 15    XL:     5   Next: 66%
Magic:  5/5        EV:  9    Int: 10    God:    Okawaru [......]
Gold:   115        SH:  0    Dex: 10    Spells: 4/4 levels left

rFire    . . .     SeeInvis .   b - +0 short sword
rCold    . . .     Gourm    .   (no shield)
rNeg     . . .     Faith    .   c - +0 leather armour
rPois    .         Spirit   .   (no helmet)
rElec    .         Reflect  .   (no cloak)
rCorr    .         Harm     .   (no gloves)
MR       .....     Rnd*Tele +   (no barding)
Stlth    ++........             (no amulet)
HPRegen  0.15/turn              n - ring of stealth
MPRegen  0.09/turn              o - ring of teleportation (curse)

@: very quick
A: large, hooves 3, deformed body, speed 2, tough skin 3
a: Renounce Religion


You were on level 3 of the Dungeon.
You worshipped Okawaru.
Okawaru was noncommittal.
You were not hungry.

You visited 2 branches of the dungeon, and saw 6 of its levels.

You collected 115 gold pieces.

Inventory:

Hand Weapons
 a - a +1 shortbow
 b - a +0 short sword (weapon)
Missiles
 d - 9 arrows
 h - 100 stones (quivered)
 i - 44 sling bullets
Armour
 c - a +0 leather armour (worn)
Jewellery
 n - a ring of stealth (left hand)
 o - a cursed ring of teleportation (right hand)
Wands
 l - a wand of iceblast (6)
Scrolls
 e - a scroll of teleportation
 j - a scroll of magic mapping
 k - 4 scrolls of identify {unknown}
 q - a scroll of amnesia {unknown}
Potions
 g - a potion of ambrosia {unknown}
 m - 2 potions of curing {unknown}
 p - a potion of brilliance {unknown}
 r - a potion of lignification {unknown}
Comestibles
 f - 7 rations


   Skills:
 + Level 3.7 Fighting
 * Level 8.1 Bows
 - Level 1.3 Dodging
 - Level 0.4 Stealth


You had 4 spell levels left.
You didn't know any spells.
Your spell library was empty.

Dungeon Overview and Level Annotations

Branches:
Dungeon (5/15)             Temple (1/1) D:5

Altars:
Cheibriados
Dithmenos
Elyvilon
Hepliaklqana
Kikubaaqudgha
Makhleb
Nemelex Xobeh
Okawaru
Trog
Uskayaw
Vehumet
Wu Jian
Zin
The Shining One


Innate Abilities, Weirdness & Mutations

You have hooves in place of feet.
Armour fits poorly on your strangely shaped body.
You cover ground very quickly.
You have extremely tough skin. (AC +3)


Message History

The goblin shouts!
You hear a shout!
The bat barely misses you.
You miss the bat. The bat barely misses you.
The bat hits you but does no damage.
The centaur drinks a potion.
The centaur seems to speed up.
The bat hits you but does no damage.
The centaur wields a +0 shortbow.
The centaur shoots an arrow.
The arrow hits you!
You see here an arrow.
You barely miss the bat. The bat hits you but does no damage. x2
You hit the bat.
The bat is moderately wounded.
The bat misses you. The goblin hits you but does no damage.
The centaur unwields a +0 shortbow.
The centaur hits you.
You closely miss the bat.
The bat is moderately wounded.
The bat hits you. The centaur hits you. The goblin closely misses you.
The centaur hits you.
The centaur wields a +0 shortbow.
The centaur shoots an arrow.
The arrow hits you!
You die...

#.........######.# #.#
#..............#.####.#
#..........###.........
#..........###........#
######.§.§#<.....##.#.##...#
#.....§§§§#.#...[##.#.##...#
#.###..§§§#.#.........##....
#..#§§..#...............
#......@b........###....
#..###..(..#.##.......†#
........gc..............
............#####.#......
#...#.......# #.#.#....
...........< .#.#.#..
...........## #......
..#....................
..#....#..#.........#..


You could see a centaur, a goblin and a bat.

Vanquished Creatures
  A quasit (D:5)
  Natasha (thrice) (D:2)
  A worker ant (D:4)
  4 adders
  A shadow imp (D:5)
  An ooze (D:3)
  A worm (D:2)
  3 dart slugs
  An orc (D:3)
  4 giant cockroaches
  2 goblins (D:2)
  3 hobgoblins
  2 jackals
  A ball python (D:3)
  3 bats
  3 frilled lizards
  6 kobolds
  A leopard gecko skeleton (D:4)
  6 rats
47 creatures vanquished.

Notes
Turn   | Place    | Note
-------+----------+-------------------------------------------
     0 | D:1      | schauveau the Centaur Hunter began the quest for the Orb.
     0 | D:1      | Reached XP level 1. HP: 17/17 MP: 1/1
   368 | D:1      | Reached XP level 2. HP: 23/24 MP: 2/2
   434 | D:1      | Reached skill level 6 in Bows
   778 | D:2      | Reached XP level 3. HP: 25/30 MP: 3/3
   817 | D:2      | Noticed Natasha
   851 | D:2      | Killed Natasha
  1174 | D:2      | Noticed Natasha
  1183 | D:2      | Killed Natasha
  1183 | D:2      | Reached skill level 7 in Bows
  1183 | D:2      | Reached XP level 4. HP: 31/38 MP: 4/4
  1307 | D:3      | Found a shadowy altar of Dithmenos.
  1810 | D:4      | Reached XP level 5. HP: 36/45 MP: 5/5
  1872 | D:5      | Entered Level 5 of the Dungeon
  1919 | D:5      | Found a staircase to the Ecumenical Temple.
  1932 | Temple   | Entered the Ecumenical Temple
  1943 | Temple   | Became a worshipper of Warmaster Okawaru
  2040 | D:2      | Noticed Natasha
  2640 | D:2      | Killed Natasha
  2640 | D:2      | Reached skill level 8 in Bows
  2973 | D:3      | Noticed a centaur
  2981 | D:3      | Shot with an arrow by a centaur

Skill      XL: |  1  2  3  4  5 |
---------------+----------------+-----
Bows           | 6 7 8 |  8.1
Fighting       | 3 |  3.7
Dodging        | |  1.3
Stealth        | |  0.4

Action                   |  1- 3 |  4- 6 || total
-------------------------+-------+-------++-------
Melee: Short sword       |    57 |    53 ||   110
       Kick              |    11 |    11 ||    22
 Fire: Shortbow          |    30 |    33 ||    63
  Use: Scroll            |       |     5 ||     5
 Stab: Sleeping          |       |     1 ||     1
  Eat: Ration            |       |     1 ||     1
       Chunk             |       |     1 ||     1
Armor: Leather armour    |    24 |    31 ||    55
Dodge: Dodged            |    30 |    24 ||    54
